 Dungeon Crawl Stone Soup version 0.29-a0-334-gb41bcbb86e (webtiles) character file.

Game seed: 6254373746329015537

420 Jortsu the Ducker (level 6, -9/61 HPs)
             Began as a Troll Fighter on Apr 15, 2022.
             Was a Believer of Trog.
             Mangled by Grinder (10 damage)
             ... on level 5 of the Dungeon.
             The game lasted 00:04:56 (3186 turns).

Jortsu the Ducker (Troll Fighter)                   Turns: 3186, Time: 00:04:56

Health: -9/61      AC:  5    Str: 27    XL:     6   Next: 62%
Magic:  5/5        EV:  9    Int:  4    God:    Trog [**....]
Gold:   201        SH:  7    Dex:  9    Spells: 5/5 levels left

rFire   . . .      SeeInvis +   a - +1 flail
rCold   . . .      Faith    .   c - +0 kite shield
rNeg    . . .      Spirit   .   b - +1 robe
rPois   .          Reflect  .   (helmet restricted)
rElec   .          Harm     .   (no cloak)
rCorr   .          Rampage  .   (gloves unavailable)
Will    .....                   (boots unavailable)
Stlth   +.........              (no amulet)
HPRegen 1.00/turn               g - ring of see invisible
MPRegen 0.09/turn               (no ring)

@: mighty
A: large, unfitting armour, claws 3, regeneration 1, shaggy fur 1, tough skin 1
a: Renounce Religion, Berserk, Trog's Hand


You were on level 5 of the Dungeon.
You worshipped Trog.
Trog was pleased with you.
You visited 1 branch of the dungeon, and saw 5 of its levels.

You collected 201 gold pieces.

Inventory:

Hand Weapons
 a - a +1 flail (weapon)
Armour
 b - a +1 robe (worn)
 c - a +0 kite shield (worn)
Jewellery
 g - a ring of see invisible (left claw)
Wands
 s - a wand of mindburst (13)
Scrolls
 f - 2 scrolls of summoning
 l - a scroll of magic mapping
 p - a scroll of enchant armour
Potions
 e - a potion of heal wounds
 h - a potion of degeneration {unknown}
 i - 2 potions of flight {unknown}
 j - 2 potions of brilliance
 k - a potion of ambrosia
 m - 2 potions of curing
 n - a potion of lignification {unknown}
 o - 2 potions of cancellation


   Skills:
 + Level 3.2 Fighting
 + Level 3.7 Maces & Flails
 + Level 4.0 Dodging
 + Level 0.4 Stealth
 + Level 3.6 Shields


You had 5 spell levels left.
You didn't know any spells.
Your spell library contained the following spells:

 Spells                   Type           Power      Damage    Failure   Level
 Sting                    Tmut/Pois      0%         1d3       80%         1
 Alistair's Intoxication  Tmut/Pois      0%         N/A       100%        5
 Borgnjor's Vile Clutch   Necr/Erth      0%         N/A       100%        5
 Eringya's Noxious Bog    Tmut/Pois      0%         N/A       100%        6


Dungeon Overview and Level Annotations

Branches:
Dungeon (5/15)
 Temple: D:4-7

Altars:
Qazlal
Trog

Shops:
D:2 [

Annotations:
D:5 Grinder


Innate Abilities, Weirdness & Mutations

You are too large for most types of armour.
You have claws for hands.
Your natural rate of healing is unusually fast.
You are covered in fur. (AC +1)
You have tough skin. (AC +1)


Message History

There is a stone staircase leading up here.
Found an escape hatch in the floor.
There is an escape hatch in the floor here.
i - 2 black potions (gained 1)
You now have 201 gold pieces (gained 17).
Grinder comes into view.
Grinder shouts!
Grinder moves out of view.
Grinder is nearby!
Grinder drinks a potion.
Grinder seems to grow stronger.
You feel very mighty all of a sudden.
You closely miss Grinder. Grinder hits you.
You writhe in agony.
Grinder hits you.
You closely miss Grinder. Grinder hits you!
You writhe in agony.
You hit Grinder.
Grinder is lightly wounded.
Grinder hits you!
You writhe in agony.
You barely miss Grinder.
Grinder is lightly wounded.
Grinder gestures at you.
You barely resist. Grinder completely misses you.
You thump Grinder!
Grinder is moderately wounded.
Grinder hits you!
* * * LOW HITPOINT WARNING * * *
You writhe in agony.
* * * LOW HITPOINT WARNING * * *
You sock Grinder!
Grinder is severely wounded.
Grinder hits you.
* * * LOW HITPOINT WARNING * * *
You writhe in agony.
* * * LOW HITPOINT WARNING * * *
You sock Grinder!
Grinder is almost dead.
Grinder gestures at you. Pain shoots through your body!
* * * LOW HITPOINT WARNING * * *
Grinder hits you!
You die...

#.# #....###.......
#.# #............##
#.# ##############.
#.# #. #.# #. #.#
#† #.# ## #.
#.###...##########.
#.@5...............
#.###...###........
.... ## #########
###... #####


You could see Grinder (strong).

Vanquished Creatures
  2 phantoms
  2 hounds (D:5)
  Terence (D:2)
  A gnoll (D:1)
  8 adders
  An ufetubus (D:5)
  4 dart slugs
  5 orcs
  3 ball pythons
  4 bats
  8 endoplasms
  A giant cockroach (D:1)
  8 goblins
  10 hobgoblins
  15 jackals
  4 kobolds
  A quokka (D:2)
  3 frilled lizards
  4 rats
85 creatures vanquished.

Notes
Turn   | Place    | Note
-------+----------+-------------------------------------------
     0 | D:1      | Jortsu the Troll Fighter began the quest for the Orb.
     0 | D:1      | Reached XP level 1. HP: 22/22 MP: 0/0
    81 | D:1      | Reached XP level 2. HP: 24/29 MP: 1/1
   193 | D:1      | Reached XP level 3. HP: 29/36 MP: 2/2
   674 | D:2      | Reached skill level 3 in Dodging
   708 | D:2      | Found Kuher's Antique Armour Shoppe.
   717 | D:2      | Found a faded altar of an unknown god.
   726 | D:2      | Got Plato's Guide on Transformation
   727 | D:2      | Prayed at the altar of an unknown god.
   727 | D:2      | Became a worshipper of Trog the Wrathful
   727 | D:2      | Reached * piety under Trog
   816 | D:2      | Noticed Terence
   829 | D:2      | Killed Terence
   830 | D:2      | Reached XP level 4. HP: 29/44 MP: 3/3
  1438 | D:3      | Reached XP level 5. HP: 39/52 MP: 4/4
  1507 | D:3      | Found a stormy altar of Qazlal.
  2125 | D:4      | Noticed a phantom
  2141 | D:4      | Killed a phantom
  2381 | D:4      | Reached XP level 6. HP: 61/61 MP: 5/5
  2383 | D:4      | Reached ** piety under Trog
  2811 | D:5      | Entered Level 5 of the Dungeon
  2962 | D:5      | Reached skill level 4 in Dodging
  3176 | D:5      | Noticed Grinder
  3185 | D:5      | HP: 1/61 [Grinder (6)]
  3186 | D:5      | Mangled by Grinder

Illustrated notes

Levels and vault maps discovered:
D:1:      minmay_arrival_four_houses, layout_basic
D:2:      layout_basic, shapermc_ecumenical_altar_rom_forum, serial_shops, shop,
          minmay_tripent, uniq_terence
D:3:      layout_basic, lemuel_doored_altar,
          wander_ebering_terrifying_dragon_lair
D:4:      layout_basic
D:5:      layout_loops_ring, lightli_corner_chamber, uniq_grinder

Skill      XL: |  1  2  3  4  5  6 |
---------------+-------------------+-----
Maces & Flails | 2 3 |  3.7
Dodging        | 3 4 |  4.0
Shields        | 3 |  3.6
Fighting       | 3 |  3.2
Stealth        | |  0.4

Action                   |  1- 3 |  4- 6 || total
-------------------------+-------+-------++-------
Melee: Flail             |   127 |   221 ||   348
  Use: Scroll            |     3 |    10 ||    13
       Potion            |       |     1 ||     1
 Stab: Sleeping          |       |     1 ||     1
Armor: Robe              |    85 |    70 ||   155
Dodge: Dodged            |    88 |   113 ||   201
Block: Kite shield       |    81 |   110 ||   191

Table legend: (Time is in decaauts)
 A = Elapsed time spent in this place.
 B = Non-inter-level travel time spent in this place.
 C = Inter-level travel time spent in this place.
 D = Time resting spent in this place.
 E = Time spent auto-exploring this place.
 F = Levels seen in this place.
 G = Mean time per level.
                   A        B        C        D        E       F      G
               +--------+--------+--------+--------+--------+-----+--------+
         Total |   3324 |   3242 |     82 |     85 |   2205 |   5 |  664.8 |
       Dungeon |   3324 |   3242 |     82 |     85 |   2205 |   5 |  664.8 |
               +--------+--------+--------+--------+--------+-----+--------+

Top non-repeatable levels by time:
     D:3: 810 daAuts
     D:4: 803 daAuts
     D:1: 703 daAuts
     D:2: 616 daAuts
     D:5: 391 daAuts
